 Dungeon Crawl Stone Soup version 0.18-a0-1372-gd644665 (webtiles) character file.

20 Gorice the Slasher (level 2, -1/23 HPs)
             Began as a Demonspawn Gladiator on Feb 21, 2016.
             Slain by a rat (3 damage)
             ... on level 1 of the Dungeon.
             The game lasted 00:02:17 (114 turns).

Gorice the Slasher (Demonspawn Gladiator)            Turns: 114, Time: 00:02:17

Health: -1/23      AC:  3    Str: 15    XL:     2   Next: 58%
Magic:  2/2        EV: 12    Int:  9    God:
Gold:   21         SH:  0    Dex: 13    Spells: 0 memorised, 1 level left

rFire  . . .     SeeInvis .     a - +0 long sword
rCold  . . .     Gourm    .     b - +0 leather armour
rNeg   . . .     Faith    .     (no shield)
rPois  .         Spirit   .     (helmet restricted)
rElec  .         Dismiss  .     (no cloak)
rCorr  .         Reflect  .     (no gloves)
SustAt .         Harm     .     (no boots)
MR     .....                    (no amulet)
Stlth  ..........               (no ring)
                                Z - ring of loudness (curse)

@: drained, not resistant to hostile enchantments, extremely unstealthy
A: antennae 1
a: no special abilities


You were on level 1 of the Dungeon.
You were not hungry.

You visited 1 branch of the dungeon, and saw 1 of its levels.

You collected 21 gold pieces.

Inventory:

Hand Weapons
 a - a +0 long sword (weapon)
Missiles
 d - 21 sling bullets
 Y - 2 throwing nets (quivered)
Armour
 b - a +0 leather armour (worn)
 c - a +0 helmet
Jewellery
 Z - a cursed ring of loudness (left hand)
Comestibles
 f - a bread ration {!e}
 g - 2 chunks of flesh


   Skills:
 + Level 2.5(1.7) Fighting
 * Level 3.2(2.4) Long Blades
 - Level 1.7(0.9) Throwing
 - Level 2.6(1.8) Dodging


You had one spell level left.
You didn't know any spells.

Dungeon Overview and Level Annotations

Branches:
Dungeon (1/15)

Altars:


Innate Abilities, Weirdness & Mutations

You have a pair of small antennae on your head.


Message History

The giant gecko barely misses you.
You aren't carrying any potions.
Unknown command.
You miss the giant gecko.
The giant gecko bites you but does no damage.
You closely miss the giant gecko.
The giant gecko bites you but does no damage.
The giant gecko misses you.
You closely miss the giant gecko. The giant gecko closely misses you.
You hit the giant gecko but do no damage.
The giant gecko closely misses you. The giant gecko barely misses you.
You barely miss the giant gecko. The giant gecko barely misses you.
You miss the giant gecko. The giant gecko bites you.
* * * LOW HITPOINT WARNING * * *
The giant gecko bites you.
* * * LOW HITPOINT WARNING * * *
Damage: 2 (max 5)
You hit the giant gecko.
The giant gecko is moderately wounded.
The giant gecko misses you.
You hit the giant gecko.
You kill the giant gecko!
You hit the jackal.
The jackal is lightly wounded.
The jackal barely misses you. The jackal closely misses you.
You hit the jackal.
The jackal is almost dead.
The jackal closely misses you. The jackal bites you.
* * * LOW HITPOINT WARNING * * *
Damage: 1 (max 5)
You hit the jackal.
You kill the jackal!
The jackal closely misses you.
You barely miss the jackal.
The jackal bites you but does no damage.
The jackal misses you.
You hit the jackal.
The jackal is almost dead.
The jackal bites you but does no damage.
The jackal closely misses you.
You barely miss the jackal.
The jackal is almost dead.
The jackal barely misses you. The jackal bites you.
* * * LOW HITPOINT WARNING * * *
Damage: 2 (max 5)
You slash the jackal!
You kill the jackal!
You hit the rat but do no damage. The rat bites you but does no damage.
You barely miss the rat. The rat bites you.
You die...

######.#.##..#<#>##.
....................
#######........."...
##h#####.##### #.#
#+## #r####....
#.........
#.########.........
#....@r............
#.########.........
..........
###........
.#+##.... # ####


You could see a rat.

Vanquished Creatures
  A gnoll (D:1)
  A giant gecko (D:1)
  4 jackals (D:1)
  3 rats (D:1)
9 creatures vanquished.

Notes
Turn   | Place    | Note
--------------------------------------------------------------
     0 | D:1      | Gorice the Demonspawn Gladiator began the quest for the Orb.
     0 | D:1      | Reached XP level 1. HP: 16/16 MP: 1/1
    52 | D:1      | Reached skill level 3 in Long Blades
    52 | D:1      | Gained mutation: You have a pair of small antennae on your head. [demonic ancestry]
    52 | D:1      | Reached XP level 2. HP: 21/23 MP: 2/2
    53 | D:1      | --wow: "oHarm, =oLoudness, horns removing helm on 1st level up
    53 | D:1      | --unluckiest start evah!
    96 | D:1      | HP: 5/23 [jackal (3)]
   103 | D:1      | HP: 5/23 [giant gecko (1)]
   111 | D:1      | HP: 2/23 [jackal (2)]
   114 | D:1      | Slain by a rat

Vault maps used:
D:1:      onia_arrival_handbag, st_stairs_11

Action                   || total
-------------------------++-------
Melee: Long sword        ||    35
Throw: Throwing net      ||     1

Table legend:
 A = Turns spent in this place as a percentage of turns spent in the entire game.
 B = Non-inter-level travel turns spent in this place as a percentage of non-inter-level travel turns spent in the entire game.
 C = Inter-level travel turns spent in this place as a percentage of turns spent in this place.
 D = Turns resting spent in this place as a percentage of non-inter-level travel turns spent in this place.
 E = Turns spent auto-exploring this place as a percentage of non-inter-level travel turns spent in this place.
 F = Non-inter-level travel turns spent in this place divided by the number of levels of this place that you've seen.
                   A       B       C       D       E      F
               +-------+-------+-------+-------+-------+----------------------
         Total | 100.0 | 100.0 |   0.0 |   0.0 |   1.7 | 117.0
       Dungeon | 100.0 | 100.0 |   0.0 |   0.0 |   1.7 | 117.0
               +-------+-------+-------+-------+-------+----------------------

Vault maps used:
D:1:      onia_arrival_handbag, st_stairs_11
